 Dungeon Crawl Stone Soup version 0.30.1-9-gdf580d7c3d (webtiles) character file.

Game seed: 18272228332146644255

15 Nonny the Sneak (level 2, 0/15 HPs)
             Began as a Tengu Earth Elementalist on Oct 6, 2023.
             Slain by a kobold
             ... wielding a +0 dagger
              (3 damage)
             ... on level 1 of the Dungeon.
             The game lasted 00:03:39 (197 turns).

Nonny the Sneak (Tengu Earth Elementalist)           Turns: 197, Time: 00:03:40

Health: 0/15       AC:  2    Str:  8    XL:     2   Next: 50%
Magic:  2/6        EV: 12    Int: 15    God:
Gold:   12         SH:  0    Dex: 14    Spells: 3/6 levels left

rFire   . . .        (no weapon)
rCold   . . .        (no shield)
rNeg    . . .        a - +0 robe
rPois   .            (helmet restricted)
rElec   .            (no cloak)
rCorr   .            (no gloves)
SInv    .            (boots unavailable)
Will    .....        (no amulet)
Stlth   ++           (no ring)
HPRegen 0.22/turn    (no ring)
MPRegen 0.10/turn

%: no passive effects
@: no status effects
A: beak, talons 3
a: no special abilities


You were on level 1 of the Dungeon.
You visited 1 branch of the dungeon, and saw 1 of its levels.

You collected 12 gold pieces.

Inventory:

Missiles
 c - 5 javelins
Armour
 a - a +0 robe (worn)
Potions
 b - a potion of magic


   Skills:
 - Level 2.1 Dodging
 * Level 2.5 Stealth
 + Level 2.5 Spellcasting
 - Level 0.7 Transmutations
 - Level 2.1 Earth Magic


You had 3 spell levels left.
You knew the following spells:

 Your Spells              Type           Power      Damage    Failure   Level
a - Sandblast             Erth           16%        2d6       9%          1
b - Passwall              Tmut/Erth      5%         N/A       17%         2

Your spell library contained the following spells:

 Spells                   Type           Power      Damage    Failure   Level
 Stone Arrow              Conj/Erth      10%        3d7       38%         3
 Dazzling Flash           Conj/Hex       2%         N/A       54%         3
 Volatile Blastmotes      Fire/Tloc      2%         2d10      54%         3
 Petrify                  Tmut/Erth      6%         N/A       75%         4
 Iskenderun's Mystic Bla  Conj/Tloc      1%         2d3       91%         4
 Starburst                Conj/Fire      0%         6d3       100%        6


Dungeon Overview and Level Annotations

Branches:
Dungeon (1/15)

Altars:


Innate Abilities, Weirdness & Mutations

You have a beak for a mouth.
You have claws for feet.


Message History

The quokka misses you.
Casting: Sandblast (safe; 9% risk of failure)
Confirm with . or Enter, or press ? or * to list all spells.
Aiming: Sandblast (safe; 9% risk of failure)
Press: ? - help, Shift-Dir - straight line, f - quokka
Aim: a quokka (moderately wounded, 73% to hit)
The blast of sand hits the quokka.
The quokka is almost dead.
The bat closely misses you.
A kobold comes into view. It is wielding a +0 dagger.
A hobgoblin comes into view. It is wielding a +0 trident.
The quokka barely misses you. The quokka bites you.
* * * LOW HITPOINT WARNING * * *
Unknown command.
Unknown command.
Casting: Sandblast (safe; 9% risk of failure)
Confirm with . or Enter, or press ? or * to list all spells.
Aiming: Sandblast (safe; 9% risk of failure)
Press: ? - help, Shift-Dir - straight line, f/p - quokka
Aim: a quokka (almost dead, 73% to hit)
The blast of sand hits the quokka!
You kill the quokka!
The bat misses you. The bat closely misses you.
Unknown command.
The bat hits you.
* * * LOW HITPOINT WARNING * * *
The bat completely misses you. The bat attacks as you move away!
The bat barely misses you. The bat misses you.
The bat hits you but does no damage.
Press: ? - help, v - describe, . - travel
Here: a kobold, wielding a +0 dagger The floor.
Unknown command.
You see here a ball python corpse.
The kobold attacks as you move away! The kobold hits you with a +0 dagger.
* * * LOW HITPOINT WARNING * * *
The bat closely misses you. The kobold attacks as you move away!
The kobold hits you with a +0 dagger.
You die...

#.............#......
#.............#......
#....................
#....................
##......g>...........
#####..................
#....####b.........
#....# ##.K..####.
#....###.@...#
#..........###
##......##.##
##.......#..###
##..###........#
###..####...###⌠.....
#....###....# ..♣♣♣.
#....##..#..##.♣♣♣♣♣♣
#[...##.##..#.♣♣♣∩∩∩♣♣


You could see a hobgoblin, a bat and a kobold.

Vanquished Creatures
  2 ball pythons (D:1)
  4 endoplasms (D:1)
  A giant cockroach (D:1)
  A goblin (D:1)
  A hobgoblin (D:1)
  A quokka (D:1)
  2 bats (D:1)
  A kobold (D:1)
13 creatures vanquished.

Notes
Turn   | Place    | Note
-------+----------+-------------------------------------------
     0 | D:1      | Nonny the Tengu Earth Elementalist began the quest for the
                  | Orb.
     0 | D:1      | Reached XP level 1. HP: 10/10 MP: 4/4
    18 | D:1      | Starting vault: oval of arches and trees.
    25 | D:1      | Book of Spectacles just southwest of entrance.
   106 | D:1      | Reached XP level 2. HP: 13/15 MP: 0/6
   115 | D:1      | Learned a level 2 spell: Passwall
   197 | D:1      | Slain by a kobold

Illustrated notes # ## ♣♣♣♣♣ ##..#.♣♣♣∩∩∩♣♣ .......♣∩...∩♣ .. ♣[.....♣♣ ... ♣∩.♣.♣.∩♣♣.... ♣∩.♣<♣....†... ♣∩.♣@♣.∩♣♣.... ♣♣.....♣♣ ... #....∩...∩♣ ## ##:.♣♣∩∩∩♣♣ ..... ♣♣♣♣♣ .... .... ... Turn 18 on D:1: Starting vault: oval of arches and trees.

##..#.♣♣♣∩∩∩♣♣
.......♣∩...∩♣
.. ...
♣[.....♣♣ ...
...
♣∩.♣.♣.∩♣♣....
..
♣∩.♣<♣....†...
#.
♣∩.♣.♣.∩♣♣....
#.♣♣♣.....♣♣
... #....∩...∩♣
## ##@.♣♣∩∩∩♣♣
.........♣♣♣♣♣♣
J..........
.........>...
...............
####.......####
#########


Turn 25 on D:1: Book of Spectacles just southwest of entrance.

Levels and vault maps discovered:
D:1:      heliophobic_arrival_henge, layout_rooms, solitary_fountain,
          minmay_small_reverse_x

Action                     || total
---------------------------++-------
  Melee: Unarmed           ||     7
         Kick              ||     3
         Peck              ||     2
   Cast: Sandblast         ||    17
 Armour: Robe              ||     6
  Dodge: Dodged            ||    23
